 Dungeon Crawl Stone Soup version 0.27.1-33-g824d729ab1 (webtiles) character file.

Game seed: 5600537746150514580

9 zeram the Skirmisher (level 2, 0/32 HPs)
             Began as an Ogre Fighter on Nov 25, 2021.
             Slain by a kobold (4 damage)
             ... on level 1 of the Dungeon.
             The game lasted 00:00:33 (203 turns).

zeram the Skirmisher (Ogre Fighter)                  Turns: 203, Time: 00:00:34

Health: 0/32       AC:  3    Str: 19    XL:     2   Next: 12%
Magic:  2/3        EV:  8    Int:  9    God:
Gold:   32         SH:  8    Dex:  8    Spells: 2/2 levels left

rFire    . . .     SeeInvis .   a - +0 flail
rCold    . . .     Faith    .   c - +0 kite shield
rNeg     . . .     Spirit   .   b - +0 robe
rPois    .         Reflect  .   (helmet restricted)
rElec    .         Harm     .   (no cloak)
rCorr    .         Rampage  .   (gloves unavailable)
Will     .....                  (boots unavailable)
Stlth    +.........             (no amulet)
HPRegen  0.10/turn              (no ring)
MPRegen  0.08/turn              (no ring)

@: no status effects
A: large, unfitting armour, tough skin 1
a: no special abilities


You were on level 1 of the Dungeon.
You visited 1 branch of the dungeon, and saw 1 of its levels.

You collected 32 gold pieces.

Inventory:

Hand Weapons
 a - a +0 flail (weapon)
Armour
 b - a +0 robe (worn)
 c - a +0 kite shield (worn)
Potions
 d - a potion of might
 e - a potion of curing {unknown}
 f - a potion of haste {unknown}


   Skills:
 - Level 4.0 Fighting
 + Level 1.8 Maces & Flails
 + Level 2.8 Dodging
 + Level 2.9 Shields
 * Level 0.7 Spellcasting


You had 2 spell levels left.
You didn't know any spells.
Your spell library was empty.

Dungeon Overview and Level Annotations

Branches:
Dungeon (1/15)

Altars:


Innate Abilities, Weirdness & Mutations

You are too large for most types of armour.
You have tough skin. (AC +1)


Message History

You hit the jackal but do no damage.
The jackal bites you but does no damage.
The jackal closely misses you. The jackal barely misses you.
You hit the jackal but do no damage.
The jackal bites you but does no damage.
You block the jackal's attack.
You sock the jackal!
You kill the jackal!
You block the jackal's attack.
You closely miss the jackal.
The jackal bites you but does no damage.
The jackal closely misses you. The jackal misses you.
You hit the jackal.
The jackal is almost dead.
The jackal bites you but does no damage.
You block the jackal's attack.
You thump the jackal!
You kill the jackal!
You block the giant cockroach's attack.
You have reached level 2!
You closely miss the giant cockroach. The giant cockroach misses you.
You hit the giant cockroach.
The giant cockroach is severely wounded.
You block the giant cockroach's attack. The giant cockroach bites you.
You closely miss the giant cockroach.
The giant cockroach is severely wounded.
The giant cockroach barely misses you. You block the giant cockroach's attack.
You hit the giant cockroach.
You kill the giant cockroach!
You miss the kobold. The kobold hits you but does no damage.
The kobold closely misses you.
You closely miss the kobold. The kobold hits you with a +0 club.
You barely miss the kobold. The kobold hits you with a +0 club.
* * * LOW HITPOINT WARNING * * *
The kobold hits you with a +0 club.
* * * LOW HITPOINT WARNING * * *
You closely miss the kobold. The kobold hits you with a +0 club.
* * * LOW HITPOINT WARNING * * *
You barely miss the kobold. The kobold hits you with a +0 club.
You die...

....### #.###..#.#
......####.#....#.#
##(........#.#..#.### .
....................#..#
.................†......
...##.####.###.KB.#...##
....#.# #.# #..........
.##.#.# ### #.###..##..
.'..#.# #.K@.......
.####.# #### #####...#(#
.# #.###..#######.....#
.####...............####
.....###.......♣♣. #
......##.......♣♣...#
......##.###......#
####...#.# #.####.#
#...#.# #....#


You could see a kobold.

Vanquished Creatures
  A giant cockroach (D:1)
  4 jackals (D:1)
  A quokka (D:1)
  A frilled lizard (D:1)
7 creatures vanquished.

Notes
Turn   | Place    | Note
-------+----------+-------------------------------------------
     0 | D:1      | zeram the Ogre Fighter began the quest for the Orb.
     0 | D:1      | Reached XP level 1. HP: 24/24 MP: 1/1
   195 | D:1      | Reached XP level 2. HP: 12/32 MP: 1/3
   203 | D:1      | Slain by a kobold

Illustrated notes

Levels and vault maps discovered:
D:1:      amcnicky_arrival_single_pillar, layout_basic, serial_co_window_serial,
          co_window_paths_b, co_window_paths_b, co_window_paths_a,
          co_window_corner_a, co_window_paths_b, co_window_2corner,
          co_window_paths_c, co_window_broadway_c, glass_columns_b,
          basic_ecumenical_altar

Action                   || total
-------------------------++-------
Melee: Flail             ||    27
Armor: Robe              ||    15
Dodge: Dodged            ||    13
Block: Kite shield       ||    16
